Map: Lerilak Crest

Players

LilDicky

  • Race: Terran Terran
  • League: Diamond

Freak - Winner!

  • Race: Zerg Zerg
  • League: Platinum

VOD

http://www.twitch.tv/tumescentpie

Description

Time

  • Played on: Dec. 2, 2015, 10:16 a.m.
  • Length: 4:46
Show
View Real Time Build Order
Export as new Build Order

LilDicky Terran 

Build Orders:  

Get SALT Encoding   

  12  0:01  SCV  
  13  0:13  SCV  
  14  0:17  Supply Depot  
  14  0:25  SCV  
  15  0:35  Refinery  
  15  0:39  SCV  
  16  0:45  Barracks  
  16  0:51  SCV  
  17  1:03  SCV  
  18  1:15  SCV  
  19  1:19  Supply Depot  
  19  1:27  SCV  
  20  1:39  SCV  
  21  1:40  Refinery  
  21  1:50  Reaper  
  21  1:52  Orbital Command  
  22  2:09  Command Center  
  22  2:15  Factory  
  22  2:22  Barracks Tech Lab  
  22  2:35  SCV  
  23  2:40  Refinery  
  23  3:06  Marine  
  23  3:07  Siege Tank  
  27  3:24  Marine  
  28  3:36  Orbital Command  
  28  3:39  Command Center  
  28  3:40  SCV  
  29  3:42  Marine  
  29  3:43  Siege Tank  
  32  3:52  SCV  
  33  4:00  Marine  
  33  4:02  SCV  
  35  4:05  SCV  
  36  4:14  SCV  
  40  4:18  Marine  
Show
View Real Time Build Order
Export as new Build Order

Freak Zerg - Winner!

Build Orders: Hatch First 

Get SALT Encoding   

  12  0:02  Drone  
  13  0:13  Overlord  
  13  0:17  Drone  
  14  0:31  Drone x2  
  14  0:35  Drone  
  17  0:54  Hatchery  
  16  1:01  Drone  
  17  1:05  Drone, Extractor  
  17  1:09  Drone  
  18  1:26  Spawning Pool  
  17  1:42  Drone x2  
  17  1:44  Drone  
  19  1:53  Overlord  
  19  2:07  Drone  
  20  2:13  Queen x2  
  20  2:15  Zergling x2  
  25  2:16  Zergling x2  
  26  2:24  Metabolic Boost  
  26  2:26  Drone x2  
  26  2:29  Drone  
  29  2:46  Drone  
  29  2:49  Overlord  
  30  2:51  Queen  
  30  2:55  Drone  
  33  3:02  Drone  
  33  3:03  Drone x2  
  36  3:22  Drone  
  36  3:23  Drone x2  
  36  3:26  Drone  
  36  3:27  Drone x2  
  42  3:28  Overlord  
  42  3:46  Drone  
  43  3:53  Spore Crawler  
  42  3:59  Zergling x4  
  42  4:00  Zergling x2  
  45  4:07  Extractor  
  45  4:08  Extractor  
  45  4:09  Drone x3  
  46  4:10  Roach Warren, Drone x2  
  47  4:22  Extractor  
Tags
 
Add a new tag
Caveats
  • Supply blocks, unpowered buildings, or Contaminate may cause inaccurate times.
  • Supply counts are checked every 10 seconds.